 Dungeon Crawl Stone Soup version 0.23-a0-333-g006994f (webtiles) character file.

10458 tilp the Frost Mage (level 11, -10/86 HPs)
             Began as a Merfolk Ice Elementalist on Oct 17, 2018.
             Was an Elder of Makhleb.
             Mangled by a komodo dragon (29 damage)
             ... on level 1 of the Lair of Beasts.
             The game lasted 00:38:47 (14593 turns).

tilp the Frost Mage (Merfolk Ice Elementalist)     Turns: 14593, Time: 00:38:48

Health: -10/86     AC: 27    Str: 14    XL:     11   Next: 62%
Magic:  14/20      EV: 19    Int: 18    God:    Makhleb [****..]
Gold:   241        SH:  0    Dex: 18    Spells: 6/22 levels left

rFire    + . .     SeeInvis +   a - +7 rapier "Orb Guardian's Bane" {protect, rN+ Dex+4}
rCold    + . .     Gourm    .   (no shield)
rNeg     + + +     Faith    .   w - +1 leather armour "Nethuce" {rF+ rC+ rN++ SInv}
rPois    .         Spirit   .   D - +2 helmet
rElec    .         Reflect  .   n - +2 cloak
rCorr    +         Harm     .   (no gloves)
MR       .....                  G - +2 pair of boots
Stlth    ++........             (no amulet)
HPRegen  0.24/turn              z - +5 ring of strength
MPRegen  0.17/turn              y - ring of resist corrosion

@: icy armour, protection aura
A: change form in water, swift swim, stealthy swim
a: Minor Destruction, Lesser Servant of Makhleb, Major Destruction, Renounce
Religion


You were on level 1 of the Lair of Beasts.
You worshipped Makhleb.
Makhleb was greatly pleased with you.
You were not hungry.

You visited 3 branches of the dungeon, and saw 13 of its levels.
You also visited: Sewer.

You collected 679 gold pieces.
You spent 438 gold pieces at shops.

Inventory:

Hand Weapons
 a - the +7 rapier "Orb Guardian's Bane" (weapon) {protect, rN+ Dex+4}
   (You found it in a sewer)

   It protects the one who uses it against injury (+AC on strike).
   It affects your dexterity (+4).
   It protects you from negative energy.
 b - a +2 hunting sling of velocity
 g - a +3 spear
 q - a +1 halberd of chopping
 r - a +0 glaive
 J - a +1 trident of venom
Missiles
 l - 6 tomahawks (quivered)
Armour
 n - a +2 cloak (worn)
 t - the +3 robe of Wekhutt {Str+3, unknown}
   (You found it on level 9 of the Dungeon)

   It affects your strength (+3).
 u - the cursed +0 robe "Woithrurch" {Regen+ Int+7, unknown}
   (You found it on level 10 of the Dungeon)

   It affects your intelligence (+7).
   It increases your rate of regeneration.
   It has a curse placed upon it.
 w - the +1 leather armour "Nethuce" (worn) {rF+ rC+ rN++ SInv}
   (You found it on level 6 of the Dungeon)

   It protects you from fire.
   It protects you from cold.
   It greatly protects you from negative energy.
   It lets you see invisible.
 D - a +2 helmet (worn)
 G - a +2 pair of boots (worn)
Jewellery
 h - an uncursed ring of fire
 y - a ring of resist corrosion (right hand)
 z - a +5 ring of strength (left hand)
 K - an uncursed amulet of the acrobat {unknown}
 L - an uncursed ring of positive energy {unknown}
Wands
 B - a wand of disintegration (5)
 F - a wand of iceblast (13)
 N - a wand of paralysis (21)
Scrolls
 d - 6 scrolls of teleportation
 f - a scroll of fog
 i - 6 scrolls of amnesia
 m - 4 scrolls of remove curse
 o - a scroll of fear
 p - a scroll of enchant armour
 A - a scroll of vulnerability
 C - 2 scrolls of magic mapping
 E - a scroll of blinking
 I - 4 scrolls of enchant weapon
Potions
 e - 2 potions of haste
 j - 2 potions of curing
 k - 4 potions of agility
 s - 2 potions of brilliance {unknown}
 v - a potion of mutation {unknown}
 H - a potion of might {unknown}
Comestibles
 c - 26 rations
 x - 15 chunks of flesh


   Skills:
 - Level 8.0 Fighting
 - Level 8.4 Polearms
 - Level 10.0 Dodging
 - Level 2.1 Stealth
 - Level 6.0 Spellcasting
 - Level 2.0 Conjurations
 + Level 1.3 Hexes
 + Level 4.1 Charms
 + Level 1.1 Necromancy
 + Level 10.1 Ice Magic
 - Level 6.2 Invocations
 + Level 1.4 Evocations


You had 6 spell levels left.
You knew the following spells:

 Your Spells              Type           Power        Failure   Level  Hunger
a - Freeze                Ice            ####         1%          1    None
b - Throw Frost           Conj/Ice       ####..       1%          2    None
c - Ozocubu's Armour      Chrm/Ice       ####....     2%          3    ##.....
d - Throw Icicle          Conj/Ice       ####....     12%         4    ####...
e - Regeneration          Chrm/Necr      ##........   16%         3    ##.....
f - Spectral Weapon       Hex/Chrm       ###.....     14%         3    ##.....

Your spell library contained the following spells:

 Spells                   Type           Power        Failure   Level  Hunger
 Infusion                 Chrm           ###.         2%          1    None
 Song of Slaying          Chrm           ###.....     4%          2    None
 Magic Dart               Conj           ##..         7%          1    None
 Searing Ray              Conj           ##....       10%         2    None
 Shroud of Golubria       Chrm/Tloc      ##........   10%         2    None
 Sandblast                Erth           #.....       16%         1    None
 Summon Ice Beast         Ice/Summ       ###.....     19%         4    ####...
 Passwall                 Tmut/Erth      #.......     22%         2    None
 Dazzling Spray           Conj/Hex       ##....       22%         3    ##.....
 Stone Arrow              Conj/Erth      #.....       30%         3    ##.....
 Iskenderun's Mystic Bla  Conj           ##......     54%         4    ####...
 Fulminant Prism          Conj/Hex       ##........   58%         4    ####...
 Force Lance              Conj/Tloc      #.......     69%         4    ####...
 Petrify                  Tmut/Erth      #.......     83%         4    ####...
 Lee's Rapid Deconstruct  Erth           #.........   99%         5    #####..


Dungeon Overview and Level Annotations

Branches:
Dungeon (11/15)            Temple (1/1) D:5            Lair (1/6) D:10
    Orc: D:9-12

Altars:
Ashenzari
Cheibriados
Dithmenos
Elyvilon
Fedhas
Gozag
Hepliaklqana
Kikubaaqudgha
Makhleb
Nemelex Xobeh
Okawaru
Qazlal
Ru
Sif Muna
Trog
Uskayaw
Vehumet
Wu Jian
Xom
Yredelemnul
Zin
The Shining One

Shops:
D:7 ?

Annotations:
D:6 Prince Ribbit
D:11 Urug


Message History

The komodo dragon bites you but does no damage. x2
You hit the komodo dragon.
The komodo dragon is heavily wounded.
The komodo dragon closely misses you.
You puncture the komodo dragon!
The komodo dragon is severely wounded.
The komodo dragon misses you.
You hit the komodo dragon but do no damage.
The komodo dragon is severely wounded.
The komodo dragon misses you.
You hit the komodo dragon.
The komodo dragon is severely wounded.
The komodo dragon misses you.
You hit the komodo dragon.
The komodo dragon is almost dead.
The komodo dragon barely misses you. The komodo dragon misses you.
You hit the komodo dragon but do no damage.
The komodo dragon is almost dead.
The komodo dragon bites you!!
You die...

##.##
##..#
#...#
##..#
##.##
#..#
#.##
#.#
#@#
#l#
#.#
#.#
...
...
...
##..#


You could see a komodo dragon.

Vanquished Creatures
  2 two-headed ogres
  A komodo dragon (Lair:1)
  A tengu conjurer (D:10)
  A troll (D:10)
  3 hippogriffs
  3 blink frogs
  2 vampires
  A wyvern (D:10)
  12 yaks
  2 hungry ghosts
  3 water moccasins
  A porcupine (D:10)
  3 orc warriors
  A sky beast (D:7)
  Purgy (Sewer)
  2 ice beasts (D:7)
  2 necrophages
  6 ogres
  A phantom (D:9)
  A centaur (D:7)
  2 wolves (Lair:1)
  5 crocodiles
  6 bullfrogs
  A big kobold (D:10)
  A wyvern zombie (D:10)
  3 scorpions
  9 killer bees
  5 wights (D:10)
  4 howler monkeys
  3 crimson imps
  A bullfrog zombie (D:6)
  2 quasits
  A centaur skeleton (D:9)
  8 orc priests
  A bullfrog skeleton (D:4)
  3 hounds
  An iguana (D:4)
  7 orc wizards
  2 worker ants
  A hound zombie (D:5)
  A hound skeleton (D:5)
  A worker ant zombie (D:8)
  A howler monkey zombie (D:2)
  11 adders
  4 gnolls (D:2)
  4 shadow imps
  An adder zombie (D:6)
  An adder skeleton (D:4)
  4 worms
  2 dart slugs
  9 leopard geckos
  21 orcs
  2 ball pythons
  6 giant cockroaches
  7 goblins
  10 hobgoblins
  16 jackals
  8 quokkas
  9 bats
  3 frilled lizards
  11 kobolds
  9 rats
256 creatures vanquished.

Vanquished Creatures (others)
  A plant (D:6)
1 creature vanquished.

Grand Total: 257 creatures vanquished

Notes
Turn   | Place    | Note
-------+----------+-------------------------------------------
     0 | D:1      | tilp the Merfolk Ice Elementalist began the quest for the
                  | Orb.
     0 | D:1      | Reached XP level 1. HP: 13/13 MP: 3/3
   888 | D:1      | Reached XP level 2. HP: 15/19 MP: 3/5
  1207 | D:1      | Reached XP level 3. HP: 23/24 MP: 1/6
  1211 | D:1      | Learned a level 2 spell: Throw Frost
  1215 | D:1      | Learned a level 3 spell: Ozocubu's Armour
  2057 | D:2      | Reached skill level 5 in Ice Magic
  2224 | D:2      | Reached XP level 4. HP: 15/30 MP: 1/7
  2619 | D:2      | Reached XP level 5. HP: 27/35 MP: 5/8
  3471 | D:3      | Found a glowing golden altar of the Shining One.
  3990 | D:3      | Reached skill level 1 in Polearms
  3990 | D:3      | Reached XP level 6. HP: 41/41 MP: 7/9
  4384 | D:4      | Reached skill level 1 in Fighting
  5220 | D:4      | Reached XP level 7. HP: 41/49 MP: 8/10
  5582 | D:5      | Entered Level 5 of the Dungeon
  5582 | D:5      | Noticed a yak
  5582 | D:5      | Noticed a yak
  5583 | D:5      | Noticed a yak
  5619 | D:5      | Reached skill level 5 in Polearms
  5775 | D:5      | Found a staircase to the Ecumenical Temple.
  5784 | Temple   | Entered the Ecumenical Temple
  5882 | Temple   | Became a worshipper of Makhleb the Destroyer
  6923 | D:6      | Reached skill level 5 in Dodging
  6923 | D:6      | Reached XP level 8. HP: 13/58 MP: 2/11
  7157 | D:6      | Found a glowing drain.
  7179 | Sewer    | Entered a sewer
  7403 | Sewer    | Reached * piety under Makhleb
  7463 | Sewer    | Noticed Purgy
  7497 | Sewer    | Killed Purgy
  7538 | Sewer    | Got an ancient rapier
  7555 | Sewer    | Identified the +7 rapier "Orb Guardian's Bane" {protect,
                  | rN+ Dex+4} (You found it in a sewer)
  7943 | D:6      | Reached skill level 1 in Conjurations
  7955 | D:6      | Got a polished leather armour
  8139 | D:6      | Noticed Prince Ribbit
  8187 | D:7      | Found a basalt altar of Yredelemnul.
  8193 | D:7      | Reached skill level 1 in Charms
  8193 | D:7      | Reached skill level 1 in Invocations
  8284 | D:7      | Identified the +1 leather armour "Nethuce" {rF+ rC+ rN++
                  | SInv} (You found it on level 6 of the Dungeon)
  8331 | D:7      | Reached XP level 9. HP: 65/65 MP: 7/13
  8484 | D:7      | Found Hariorphosod's Magic Scroll Boutique.
  8582 | D:7      | Bought a scroll of identify for 24 gold pieces
  8794 | D:7      | Bought a scroll of remove curse for 36 gold pieces
  8794 | D:7      | Bought a scroll of remove curse for 36 gold pieces
  8794 | D:7      | Bought a scroll of enchant armour for 90 gold pieces
  8794 | D:7      | Bought a scroll of remove curse for 36 gold pieces
  8794 | D:7      | Bought a scroll of teleportation for 36 gold pieces
  8794 | D:7      | Bought a scroll of enchant armour for 90 gold pieces
  8794 | D:7      | Bought a scroll of enchant armour for 90 gold pieces
  9171 | D:8      | Reached ** piety under Makhleb
  9687 | D:9      | Found an ancient bone altar of Kikubaaqudgha.
  9691 | D:9      | Noticed a two-headed ogre
 10333 | D:8      | Killed a two-headed ogre
 10333 | D:8      | Reached skill level 5 in Spellcasting
 10333 | D:8      | Reached XP level 10. HP: 27/71 MP: 9/18
 10745 | D:9      | Noticed a two-headed ogre
 10804 | D:9      | Got a creamy pearl robe
 10888 | D:9      | Learned a level 4 spell: Throw Icicle
 10945 | D:9      | Reached skill level 5 in Fighting
 11409 | D:9      | Killed a two-headed ogre
 11645 | D:10     | Entered Level 10 of the Dungeon
 11708 | D:10     | Reached *** piety under Makhleb
 12167 | D:10     | Found a staircase to the Lair.
 12185 | D:10     | Got a faintly humming robe
 12286 | D:10     | Reached XP level 11. HP: 81/81 MP: 17/20
 12305 | D:10     | Reached skill level 10 in Ice Magic
 12706 | D:10     | Learned a level 3 spell: Regeneration
 12710 | D:10     | Learned a level 3 spell: Spectral Weapon
 13549 | D:11     | Noticed Urug
 13598 | Lair:1   | Entered Level 1 of the Lair of Beasts
 14179 | Lair:1   | Reached skill level 10 in Dodging
 14509 | Lair:1   | Reached **** piety under Makhleb
 14509 | Lair:1   | Reached skill level 1 in Hexes
 14509 | Lair:1   | Reached skill level 1 in Evocations
 14578 | Lair:1   | Reached skill level 1 in Necromancy
 14593 | Lair:1   | Mangled by a komodo dragon

Vault maps used:
D:1:      sevenhm_arrival_forest_fort_large_4, minmay_domino_2
D:2:      chequers_serial_rivers_micro_a
D:3:      nicolae_overflow_hidden_temple, item_on_display_a
D:4:      first_ration, minmay_ruptured
D:5:      minmay_temple_entry_statues, minivault_4
D:6:      cheibrodos_sewer_entry_bend, nicolae_zen_rock_garden,
          uniq_prince_ribbit1
D:7:      serial_shops, nicolae_shop_window_shopping, yredelemnul_altar_generic
D:9:      basic_altar
D:10:     lair_entry_dummy, grunt_tengu_nest
D:11:     uniq_urug
Temple:   kilobyte_greek_temple
Lair:1:   serial_bayou_pond_e, beast_lair_carwin_3
Sewer:    sewer_the_crocodile

Skill      XL: |  1  2  3  4  5  6  7  8  9 10 11 |
---------------+----------------------------------+-----
Ice Magic      | 4 5 6 7 9 10 | 10.1
Polearms       | 1 4 6 8 |  8.4
Fighting       | 1 3 4 6 8 |  8.0
Dodging        | 3 5 6 8 10 | 10.0
Conjurations   | 2 |  2.0
Charms         | 2 4 |  4.1
Invocations    | 2 6 |  6.2
Spellcasting   | 5 6 |  6.0
Hexes          | 1 |  1.3
Evocations     | 1 |  1.4
Necromancy     | 1 |  1.1
Stealth        | |  2.1

Action                   |  1- 3 |  4- 6 |  7- 9 | 10-12 || total
-------------------------+-------+-------+-------+-------++-------
Melee: Unarmed           |    16 |       |       |       ||    16
       Hand axe          |    17 |       |       |       ||    17
       Short sword       |    42 |   129 |    82 |       ||   253
       Rapier            |       |       |   198 |   533 ||   731
       Tailslap          |       |       |     3 |       ||     3
 Fire: Hunting sling     |       |       |    18 |       ||    18
Throw: Stone             |       |       |     1 |       ||     1
       Tomahawk          |       |       |     1 |     6 ||     7
 Cast: Freeze            |    39 |    40 |    75 |    21 ||   175
       Throw Frost       |       |     3 |     9 |    19 ||    31
       Ozocubu's Armour  |       |     3 |    15 |    28 ||    46
       Throw Icicle      |       |       |       |     1 ||     1
  Use: Scroll            |     6 |       |    22 |     4 ||    32
       Potion            |       |       |     4 |     3 ||     7
 Stab: Sleeping          |     7 |     8 |     2 |     1 ||    18
  Eat: Chunk             |     5 |    11 |    18 |    13 ||    47
       Ration            |       |       |     1 |     1 ||     2
Armor: Robe              |    14 |    15 |    42 |       ||    71
       Leather armour    |       |       |    69 |   246 ||   315
Dodge: Dodged            |    79 |   120 |   296 |   614 ||  1109

Table legend:
 A = Non-vault XP
 B = Vault XP
 C = Vault XP percentage of total XP
 D = Non-vault monster count
 E = Vault monster count
 F = Vault count percentage of total count
                 A         B        C        D         E       F
            +---------+---------+-------+---------+---------+-------
      Total |   14004 |     937 |   6.3 |     241 |      15 |   5.9
            +---------+---------+-------+---------+---------+-------
        D:1 |      59 |       2 |   3.3 |      34 |       1 |   2.9
        D:2 |     165 |       0 |   0.0 |      29 |       0 |   0.0
        D:3 |     116 |       0 |   0.0 |      20 |       0 |   0.0
        D:4 |     339 |      32 |   8.6 |      17 |       1 |   5.6
        D:5 |     352 |       0 |   0.0 |       9 |       0 |   0.0
        D:6 |     712 |      10 |   1.4 |      15 |       2 |  11.8
        D:7 |    1253 |       0 |   0.0 |      23 |       0 |   0.0
        D:8 |    1628 |       0 |   0.0 |      13 |       0 |   0.0
        D:9 |    3120 |       0 |   0.0 |      29 |       0 |   0.0
       D:10 |    3781 |     316 |   7.7 |      33 |       1 |   2.9
       D:11 |     705 |       0 |   0.0 |      10 |       0 |   0.0
     Lair:1 |    1774 |     438 |  19.8 |       9 |       4 |  30.8
      Sewer |       0 |     139 | 100.0 |       0 |       6 | 100.0
            +---------+---------+-------+---------+---------+-------
